 Dungeon Crawl Stone Soup version 0.30-a0-305-g026cb31310 (webtiles) character file.

Game seed: 15962122775033979567

8076 LnG the Unseen (level 11, -7/68 HPs)
             Began as a Kobold Summoner on Oct 23, 2022.
             Was a Priest of Dithmenos.
             Mangled by a hornet (13 damage)
             ... on level 9 of the Dungeon.
             The game lasted 00:35:09 (11621 turns).

LnG the Unseen (Kobold Summoner)                   Turns: 11621, Time: 00:35:09

Health: -7/68      AC:  7    Str:  5    XL:     11   Next: 49%
Magic:  16/17      EV: 23    Int: 25    God:    Dithmenos [***...]
Gold:   351        SH:  0    Dex: 17    Spells: 13/19 levels left

rFire   + . .      SeeInvis .    A - +4 dagger "Morg" {pain, Will+ Int+5}
rCold   + . .      Faith    .    (no shield)
rNeg    + . .      Spirit   .    J - +0 robe {rC+ rF+}
rPois   .          Reflect  .    (no helmet)
rElec   .          Harm     .    u - +1 cloak {Will+}
rCorr   .          Rampage  .    i - +1 pair of gloves
Will    ++...      Rage     3%   d - +0 pair of boots
Stlth   ++++++++++               (no amulet)
HPRegen 0.31/turn                v - +4 ring of evasion
MPRegen 0.15/turn                n - ring of positive energy

@: lethally poisoned (-7 -> -14), hasted and slowed, wreathed by umbra
A: small, no large weapons, nightstalker 3, berserk 1, mutation resistance 1,
robust 1
a: Renounce Religion, Shadow Step


You were on level 9 of the Dungeon.
You worshipped Dithmenos.
Dithmenos was most pleased with you.
You visited 2 branches of the dungeon, and saw 12 of its levels.
You also visited: Ossuary.

You collected 466 gold pieces.
You spent 115 gold pieces at shops.

Inventory:

Hand Weapons
 A - the +4 dagger "Morg" (weapon) {pain, Will+ Int+5}
   (You found it on level 5 of the Dungeon)

   In the hands of one skilled in necromantic magic, it inflicts extra damage on
   living creatures.
   Int:       It affects your intelligence (+5).
   Will:      It increases your willpower.
 C - a +8 short sword of freezing
Missiles
 E - a throwing net
Armour
 d - a +0 pair of boots (worn)
 i - a +1 pair of gloves (worn)
 u - a +1 cloak of willpower (worn)
 J - a +0 robe of resistance (worn)
Jewellery
 n - a ring of positive energy (right hand)
 v - a +4 ring of evasion (left hand)
 D - a ring of resist corrosion
 H - a +4 ring of protection
Wands
 c - a wand of iceblast (4)
 x - a wand of polymorph (8)
 y - a wand of light (20)
 F - a wand of paralysis (10)
Scrolls
 a - a scroll of enchant weapon
 g - 7 scrolls of amnesia
 k - 2 scrolls of vulnerability
 p - 4 scrolls of teleportation
 q - a scroll of fear {unknown}
 s - a scroll of silence {unknown}
 w - 2 scrolls of immolation {unknown}
 z - 3 scrolls of summoning {unknown}
 G - a scroll of enchant armour
 I - a scroll of butterflies {unknown}
Potions
 b - a potion of magic
 e - a potion of brilliance
 f - a potion of flight {unknown}
 h - a potion of might {unknown}
 m - 9 potions of attraction
 o - a potion of ambrosia {unknown}
 r - 4 potions of mutation
 t - 2 potions of haste
 B - 3 potions of curing {unknown}


   Skills:
 + Level 4.9 Fighting
 + Level 8.2 Short Blades
 + Level 7.5 Dodging
 * Level 15.4 Stealth
 + Level 4.6 Spellcasting
 + Level 6.2 Summonings
 * Level 5.9 Necromancy


You had 13 spell levels left.
You knew the following spells:

 Your Spells              Type           Power      Damage    Failure   Level
a - Summon Small Mammal   Summ           100%       N/A       1%          1
b - Call Imp              Summ           36%        N/A       1%          2
c - Call Canine Familiar  Summ           36%        N/A       1%          3

Your spell library contained the following spells:

 Spells                   Type           Power      Damage    Failure   Level
 Summon Guardian Golem    Hex/Summ       21%        N/A       7%          3
 Magic Dart               Conj           20%        1d4       9%          1
 Searing Ray              Conj           10%        2d4       13%         2
 Summon Lightning Spire   Summ/Air       21%        N/A       24%         4
 Mephitic Cloud           Conj/Pois/Air  5%         N/A       26%         3
 Fulminant Prism          Conj/Hex       2%         3d6       65%         4


Dungeon Overview and Level Annotations

Branches:
Dungeon (11/15)            Temple (1/1) D:4            Lair (0/5) D:9
    Orc (0/2) D:10        Ossuary (visited)

Altars:
Ashenzari
Cheibriados
Dithmenos
Elyvilon
Fedhas
Hepliaklqana
Kikubaaqudgha
Makhleb
Nemelex Xobeh
Okawaru
Qazlal
Ru
Sif Muna
Trog
Uskayaw
Vehumet
Xom
Yredelemnul
Zin
The Shining One

Shops:
D:1 (   D:2 =   D:4 [*   D:6 :

Annotations:
D:4 1 runed translucent door, Crazy Yiuf, Grinder
D:7 Dowan, Duvessa


Innate Abilities, Weirdness & Mutations

You are small and have problems with some larger weapons.
You are completely attuned to the shadows.
You sometimes lose your temper in combat.
You are somewhat resistant to further mutation.
You are robust. (+10% HP)


Message History

You hit the hornet.
The hornet writhes in agony.
The hornet is heavily wounded.
You feel sick.
Your wolf misses the hornet. The hornet stings you!
You suddenly lose the ability to move!
Your wolf closely misses the hornet.
You feel sick. The hornet stings you.
You feel as though you will be slow longer.
Your wolf bites the hornet.
The hornet stings your wolf.
Your wolf is poisoned.
Your wolf seems to slow down.
You feel sick.
Your wolf completely misses the hornet.
The hornet stings your wolf!
Your wolf seems to slow down.
Your wolf closely misses the hornet.
You feel sick. The hornet stings your wolf!
Your wolf dies!
Your wolf's corpse disappears in a puff of smoke!
The hornet stings you.
You are more poisoned.
You shrug off the repeated paralysis!
You can move again.
You feel much better.
You feel very sick. The hornet stings you!
You feel as though you will be slow longer.
The hornet misses you.
Blink to where?
Press: ? - help, Dir - move target
As you read the scroll of blinking, it crumbles to dust.
You feel very sick.
You feel sick. The hornet stings you!
* * * LOW HITPOINT WARNING * * *
You are lethally poisoned!
You feel as though you will be slow longer.
* * * LOW HITPOINT WARNING * * *
You feel very sick. The hornet closely misses you.
It was a potion of haste.
You feel yourself speed up.
* * * LOW HITPOINT WARNING * * *
You feel very sick. The hornet closely misses you. The hornet stings you!
You die...

.......# ##### .......#
#######.... .......#
######..........
...:...####......#####....
....ยง..#.@..###### #....
.......#y#### #....
.........# ###.#
.......### #.# ########
#.. #### .... .... ....


You could see a hornet.

Vanquished Creatures
  An ugly thing (D:11)
  Joseph (D:7)
  A troll (D:10)
  11 yaks
  3 wyverns
  Grum (D:8)
  A steam dragon (D:8)
  Menkaure (D:7)
  3 water moccasins
  2 acid dragons
  3 orc warriors
  An ice beast (D:6)
  2 sky beasts
  2 ogres
  3 wolves (D:8)
  4 centaurs
  4 kobold brigands
  4 bullfrogs
  5 scorpions
  6 wights
  5 killer bees (D:8)
  3 howler monkeys (D:9)
  3 hounds
  A jelly (D:7)
  3 gnoll boudas
  5 orc priests
  Ijyb (D:4)
  An iguana (D:6)
  4 orc wizards
  Natasha (thrice) (D:2)
  3 mummies
  12 gnolls
  5 adders
  3 shadow imps
  A white imp (D:7)
  3 dart slugs
  13 orcs
  5 bats
  4 endoplasms
  A giant cockroach (D:1)
  13 goblins
  9 hobgoblins
  5 jackals
  3 quokkas
  5 ball pythons
  4 frilled lizards
  3 hobgoblin zombies (Ossuary)
  17 kobolds
  A kobold zombie (Ossuary)
  3 orc zombies (Ossuary)
  6 rats
207 creatures vanquished.

Vanquished Creatures (collateral kills)
  A shadow (D:10)
  An elf zombie (Ossuary)
  A scorpion (D:7)
  A human zombie (Ossuary)
  An orc wizard (D:10)
  3 gnolls
  2 adders
  2 adder zombies (Ossuary)
  A dart slug (D:1)
  An orc (D:10)
  2 endoplasms
  A giant cockroach (D:1)
  A goblin (D:4)
  4 jackals
  A quokka (D:2)
  A frilled lizard (D:1)
  11 hobgoblin zombies (Ossuary)
  2 jackal zombies (Ossuary)
  3 kobolds
  7 kobold zombies (Ossuary)
  2 orc zombies (Ossuary)
  A rat (D:1)
50 creatures vanquished.

Vanquished Creatures (others)
  7 plants
7 creatures vanquished.

Grand Total: 264 creatures vanquished

Notes
Turn   | Place    | Note
-------+----------+-------------------------------------------
     0 | D:1      | LnG the Kobold Summoner began the quest for the Orb.
     0 | D:1      | Reached XP level 1. HP: 10/10 MP: 3/3
   117 | D:1      | Reached XP level 2. HP: 11/15 MP: 3/5
   242 | D:1      | Learned a level 2 spell: Call Imp
   461 | D:1      | Found Homuifum's Weapon Shop.
   490 | D:1      | Reached XP level 3. HP: 19/19 MP: 6/6
   715 | D:1      | Reached skill level 3 in Stealth
  1271 | D:2      | Reached skill level 4 in Stealth
  1314 | D:2      | Found a basalt altar of Yredelemnul.
  1350 | D:2      | Noticed Natasha
  1354 | D:2      | Killed Natasha
  1355 | D:2      | Reached skill level 1 in Short Blades
  1355 | D:2      | Reached XP level 4. HP: 24/24 MP: 7/7
  1359 | D:2      | Learned a level 3 spell: Call Canine Familiar
  1413 | D:2      | Noticed Natasha
  1417 | D:2      | Killed Natasha
  1418 | D:2      | Reached skill level 5 in Stealth
  1451 | D:2      | Noticed Natasha
  1461 | D:2      | Killed Natasha
  1462 | D:2      | Reached XP level 5. HP: 28/28 MP: 4/8
  1570 | D:2      | Found Aleeps's Jewellery Emporium.
  2424 | D:3      | Found a sparkling altar of Nemelex Xobeh.
  2755 | D:3      | Found a faded altar of an unknown god.
  3020 | D:4      | Found a burning altar of Makhleb.
  3056 | D:4      | Found a staircase to the Ecumenical Temple.
  3080 | D:4      | Noticed Ijyb
  3104 | D:4      | Noticed Grinder
  3160 | D:4      | Killed Ijyb
  3161 | D:4      | Reached skill level 1 in Fighting
  3161 | D:4      | Reached XP level 6. HP: 30/35 MP: 10/10
  3379 | D:4      | Found a runed translucent door.
  3382 | D:4      | Noticed Crazy Yiuf
  3499 | D:4      | Found Bain's Armour Boutique.
  3511 | D:4      | Found a sand-covered staircase.
  3525 | D:4      | Reached skill level 6 in Stealth
  3547 | Ossuary  | Entered an ossuary
  3998 | D:4      | Bought a +0 cloak of willpower for 115 gold pieces
  4055 | D:4      | Found a snail-covered altar of Cheibriados.
  4134 | D:4      | Reached XP level 7. HP: 32/40 MP: 5/11
  4332 | D:4      | Identified the +2 hand axe "Ciaf" {freeze, rPois}
  4418 | D:4      | Found Maijar's General Store.
  4707 | Temple   | Entered the Ecumenical Temple
  4887 | Temple   | Became a worshipper of Dithmenos the Shadowed
  5260 | D:5      | Entered Level 5 of the Dungeon
  5477 | D:5      | Found an iron altar of Okawaru.
  5897 | D:5      | Found the +4 dagger "Morg" {pain, Will+ Int+5}
  5952 | D:5      | Reached skill level 7 in Stealth
  6389 | D:6      | Noticed a water moccasin
  6394 | D:6      | Killed a water moccasin
  6395 | D:6      | Reached skill level 1 in Necromancy
  6488 | D:6      | Reached XP level 8. HP: 36/45 MP: 12/12
  6540 | D:6      | Reached skill level 8 in Stealth
  6540 | D:6      | Reached skill level 5 in Summonings
  6718 | D:6      | Found Oschi Fuf's Self-Improvement Boutique.
  6903 | D:6      | Noticed a yak
  6905 | D:6      | Noticed a yak
  6907 | D:6      | Killed a yak
  6909 | D:6      | Noticed a yak
  6910 | D:6      | Killed a yak
  6911 | D:6      | Reached skill level 5 in Short Blades
  6911 | D:6      | Reached skill level 5 in Dodging
  6911 | D:6      | Reached skill level 9 in Stealth
  6914 | D:6      | Killed a yak
  6915 | D:6      | Reached XP level 9. HP: 51/51 MP: 12/14
  7422 | D:7      | Noticed Joseph
  7431 | D:7      | Reached skill level 10 in Stealth
  7544 | D:6      | Reached * piety under Dithmenos
  7873 | D:7      | Killed Joseph
  7874 | D:7      | Reached skill level 11 in Stealth
  8087 | D:7      | Noticed Menkaure
  8097 | D:7      | Killed Menkaure
  8180 | D:7      | Noticed Dowan
  8181 | D:7      | Noticed Duvessa
  8311 | D:7      | Reached XP level 10. HP: 53/56 MP: 14/16
  8594 | D:7      | Reached ** piety under Dithmenos
  8881 | D:8      | Reached skill level 12 in Stealth
  8907 | D:8      | You fall into a shaft and drop 3 floors!
  8940 | D:10     | Entered Level 10 of the Dungeon
  9126 | D:11     | Noticed a purple ugly thing
  9129 | D:11     | Killed a purple ugly thing
  9160 | D:10     | Gained mutation: You sometimes lose your temper in combat.
                  | [potion of mutation]
  9160 | D:10     | Gained mutation: You are robust. (+10% HP) [potion of
                  | mutation]
  9160 | D:10     | Gained mutation: You are somewhat resistant to further
                  | mutation. [potion of mutation]
  9335 | D:10     | Found a sacrificial altar of Ru.
  9366 | D:10     | Reached skill level 13 in Stealth
  9366 | D:10     | Reached skill level 5 in Necromancy
  9432 | D:10     | Found a staircase to the Orcish Mines.
  9637 | D:9      | Reached skill level 14 in Stealth
  9637 | D:9      | Reached XP level 11. HP: 58/68 MP: 13/17
  9754 | D:9      | Reached *** piety under Dithmenos
  9971 | D:8      | Reached skill level 15 in Stealth
 10065 | D:8      | Identified the +5 ring mail of the Gate {Regen+}
 10545 | D:8      | Identified the +8 chain mail of Sloth {Rampage Drain Dex+6}
 10881 | D:8      | Noticed Grum
 10893 | D:8      | Killed Grum
 11112 | D:8      | Found a glowing silver altar of Zin.
 11244 | D:7      | Noticed a two-headed ogre
 11384 | D:9      | Found a staircase to the Lair.
 11613 | D:9      | Paralysed by a hornet for 3 turns
 11621 | D:9      | Mangled by a hornet

Illustrated notes

Levels and vault maps discovered:
D:1:      wander_arrival_chamber, layout_basic, serial_forest,
          infiniplex_forest_end_1, infiniplex_forest_clump_curved,
          infiniplex_forest_end_double, infiniplex_forest_straight_5,
          infiniplex_forest_lined_3_way, infiniplex_forest_zigzag_2,
          infiniplex_forest_straight_2, infiniplex_forest_end_2,
          infiniplex_forest_clump_small, serial_shops,
          nicolae_shop_window_shopping
D:2:      minmay_wonky_spiral, layout_basic, serial_shops,
          nicolae_shop_statue_plus, basic_altar, uniq_natasha
D:3:      layout_basic, lemuel_round_altar,
          shapermc_ecumenical_altar_flowoftime, serial_bayou_ford_a
D:4:      layout_loops_corners, mainiacjoe_overflow_catwalk,
          kennysheep_slug_shrine, minmay_temple_entry_purple_smoke,
          gup_ossuary_entry_pyramid, serial_shops, nicolae_shop_statue_plus,
          shop, chequers_garden, minmay_goblin_outpost, uniq_crazy_yiuf_cottage,
          uniq_grinder, uniq_ijyb
D:5:      layout_layer_cave, okawaru_metal_pillars_1_2
D:6:      layout_basic, serial_glass, glass_columns_a, glass_columns_c,
          nicolae_shop_self_help
D:7:      layout_cave_pools, nzn_random_ring, uniq_duvessa, uniq_menkaure,
          uniq_joseph
D:8:      layout_basic, nicolae_overflow_hidden_temple, minmay_misc_feat_square,
          hangedman_decor_push, uniq_grum
D:9:      layout_roguey, lair_entry_dummy, serial_shops,
          nicolae_shop_hallway_plus
D:10:     layout_loops_ring, nicolae_ru_awakened_eye, orc_0_dummy,
          nicolae_shop_fire_sale [nicolae_sub_dead_trees]
D:11:     layout_loops_ring, bloody_trog, uniq_snorg, uniq_harold, uniq_erolcha
Temple:   eino_narrow_crystal_temple

Skill      XL: |  1  2  3  4  5  6  7  8  9 10 11 |
---------------+----------------------------------+-----
Stealth        | 4 5 6 7 9 11 14 15 | 15.4
Short Blades   | 1 2 3 5 6 7 8 |  8.2
Fighting       | 1 2 3 4 |  4.9
Dodging        | 3 4 5 6 7 |  7.5
Spellcasting   | 3 4 |  4.6
Necromancy     | 1 3 4 5 |  5.9
Summonings     | 5 6 |  6.2

Action                   |  1- 3 |  4- 6 |  7- 9 | 10-12 || total
-------------------------+-------+-------+-------+-------++-------
Melee: Unarmed           |    11 |     4 |       |       ||    15
       Dagger            |    63 |   286 |   235 |   313 ||   897
       Punch             |       |     4 |     3 |     1 ||     8
 Cast: Summon Small Mamm |     9 |       |       |       ||     9
       Call Imp          |     1 |     3 |     2 |     2 ||     8
       Call Canine Famil |       |    12 |     9 |     7 ||    28
  Use: Scroll            |       |     9 |     4 |     6 ||    19
       Potion            |       |       |       |     5 ||     5
 Stab: Sleeping          |    14 |    19 |    21 |    24 ||    78
       Distracted        |     1 |     3 |     3 |     3 ||    10
Armor: Robe              |     7 |    69 |    50 |    20 ||   146
       Skin              |       |     1 |       |       ||     1
Dodge: Dodged            |    44 |   252 |   209 |   274 ||   779

Table legend: (Time is in decaauts)
 A = Elapsed time spent in this place.
 B = Non-inter-level travel time spent in this place.
 C = Inter-level travel time spent in this place.
 D = Time resting spent in this place.
 E = Time spent auto-exploring this place.
 F = Levels seen in this place.
 G = Mean time per level.
                   A        B        C        D        E       F      G
               +--------+--------+--------+--------+--------+-----+--------+
         Total |  11535 |  10946 |    589 |   1081 |   6963 |  13 |  887.3 |
       Dungeon |  10921 |  10388 |    533 |   1045 |   6812 |  11 |  992.8 |
        Temple |    195 |    139 |     56 |      0 |    126 |   1 |  195.0 |
       Ossuary |    418 |    418 |      0 |     36 |     25 |   1 |  418.0 |
               +--------+--------+--------+--------+--------+-----+--------+

Top non-repeatable levels by time:
     D:4: 1464 daAuts
     D:8: 1442 daAuts
     D:6: 1250 daAuts
     D:7: 1246 daAuts
     D:3: 1196 daAuts
     D:5: 1055 daAuts
     D:1: 1017 daAuts
     D:2: 951 daAuts
     D:9: 639 daAuts
    D:10: 493 daAuts
 Ossuary: 418 daAuts
  Temple: 195 daAuts
    D:11: 164 daAuts
